 Dungeon Crawl Stone Soup version 0.30.0 (webtiles) character file.

Game seed: 14529165003417494376

54231 catcat the Marksdraconian (level 14, -10/133 HPs)
             Began as a Pale Draconian Hunter on Aug 10, 2023.
             Was a High Priest of Dithmenos.
             Mangled by a death yak (14 damage)
             ... on level 5 of the Lair of Beasts.
             The game lasted 00:54:15 (25426 turns).

catcat the Marksdraconian (Pale Draconian Hunter)  Turns: 25426, Time: 00:54:15

Health: -10/133    AC: 14    Str: 13    XL:     14   Next: 33%
Magic:  14/14      EV: 18    Int: 12    God:    Dithmenos [*****.]
Gold:   978        SH:  5    Dex: 18    Spells: 13/13 levels left

rFire   + + +        a - +1 shortbow
rCold   . . .        (shield currently unavailable)
rNeg    . . .        (body armour unavailable)
rPois   .            l - +2 hat
rElec   .            T - +0 cloak {rF+}
rCorr   .            h - +0 pair of gloves
SInv    .            t - +1 pair of boots {Fly}
Will    +....        S - amulet of reflection
Stlth   ++++++       F - ring of protection from fire
HPRegen 0.42/turn    Q - ring of protection from fire
MPRegen 0.14/turn

%: reflection
@: about to teleport, flying, wreathed by umbra
A: breathe steam, AC +8, unfitting armour, cold-blooded, steam resistance
a: Breathe Steam, Renounce Religion, Shadow Step, Shadow Form


You were on level 5 of the Lair of Beasts.
You worshipped Dithmenos.
Dithmenos was extremely pleased with you.
You visited 3 branches of the dungeon, and saw 16 of its levels.
You also visited: Bailey and Volcano.

You collected 978 gold pieces.

Inventory:

Hand Weapons
 a - a +1 shortbow (weapon)
 f - a +0 short sword
 J - a +6 short sword
Missiles
 R - 3 throwing nets
Armour
 h - a +0 pair of gloves (worn)
 l - a +2 hat (worn)
 s - a scarf of shadows
 t - a +1 pair of boots of flying (worn)
 C - a scarf of shadows
 H - the +2 pair of boots "Kovuawel" {+Inv Will- Str+6 SInv}
   (You found it on level 8 of the Dungeon)

   Str:       It affects your strength (+6).
   SInv:      It lets you see invisible.
   +Inv:      It lets you turn invisible.
   Will:      It decreases your willpower.
 P - a +0 cloak
 T - a +0 cloak of fire resistance (worn)
Jewellery
 i - an amulet of the acrobat
 F - a ring of protection from fire (left hand)
 G - a ring of fire
 Q - a ring of protection from fire (right hand)
 S - an amulet of reflection (around neck)
 W - a ring of magical power
Wands
 y - a wand of iceblast (19)
 I - a wand of charming (12)
 U - a wand of flame (5)
Scrolls
 b - 3 scrolls of immolation
 c - 4 scrolls of fear
 d - 10 scrolls of enchant armour
 g - 2 scrolls of teleportation
 n - 3 scrolls of blinking
 o - 3 scrolls of poison
 q - a scroll of butterflies
 r - 6 scrolls of fog
 x - 3 scrolls of magic mapping
 A - 7 scrolls of enchant weapon
 D - a scroll of torment {unknown}
 L - a scroll of brand weapon {unknown}
 O - a scroll of vulnerability
 V - a scroll of amnesia {unknown}
 X - a scroll of noise {unknown}
Potions
 e - 6 potions of might
 j - 4 potions of haste
 k - 4 potions of mutation
 m - 10 potions of curing
 p - 6 potions of magic
 u - 4 potions of attraction
 v - a potion of brilliance
 w - a potion of berserk rage
 z - 3 potions of lignification
 B - 3 potions of resistance
 E - 2 potions of cancellation
 K - 4 potions of flight
 M - 4 potions of heal wounds
 N - 3 potions of invisibility


   Skills:
 * Level 14.3 Fighting
 - Level 16.0 Ranged Weapons
 + Level 10.4 Dodging
 - Level 7.1 Stealth


You had 13 spell levels left.
You didn't know any spells.
Your spell library contained the following spells:

 Spells                   Type           Power      Damage    Failure   Level
 Beastly Appendage        Tmut           0%         N/A       32%         1
 Kiss of Death            Conj/Necr      0%         2d5       32%         1
 Summon Small Mammal      Summ           0%         N/A       32%         1
 Blink                    Tloc           0%         N/A       45%         2
 Sublimation of Blood     Necr           0%         N/A       45%         2
 Wereblood                Tmut           0%         N/A       45%         2
 Call Canine Familiar     Summ           0%         N/A       69%         3
 Confusing Touch          Hex            0%         N/A       69%         3
 Dazzling Flash           Conj/Hex       0%         N/A       69%         3
 Inner Flame              Hex/Fire       0%         N/A       69%         3
 Spider Form              Tmut/Pois      0%         N/A       69%         3
 Summon Guardian Golem    Hex/Summ       0%         N/A       69%         3
 Volatile Blastmotes      Fire/Tloc      0%         2d10      69%         3
 Dispel Undead            Necr           0%         3d6       97%         4
 Fulminant Prism          Conj/Hex       0%         3d5       97%         4
 Iskenderun's Mystic Bla  Conj/Tloc      0%         2d3       97%         4
 Manifold Assault         Tloc           0%         N/A       97%         4
 Agony                    Necr           0%         N/A       100%        5
 Lee's Rapid Deconstruct  Erth           0%         3d4*      100%        5
 Silence                  Hex/Air        0%         N/A       100%        5
 Yara's Violent Unravell  Hex/Tmut       0%         3d3       100%        5
 Enfeeble                 Hex            0%         N/A       100%        7
 Storm Form               Tmut/Air       0%         N/A       100%        7
 Summon Hydra             Summ           0%         N/A       100%        7


Dungeon Overview and Level Annotations

Branches:
Dungeon (10/15)            Temple (1/1) D:6            Lair (5/5) D:10
  Swamp (0/4) Lair:2       Spider (0/4) Lair:2        Slime (0/5) Lair:4
 Bailey (visited)         Volcano (visited)
    Orc: D:9-12

Altars:
Ashenzari
Cheibriados
Dithmenos
Elyvilon
Fedhas
Gozag
Hepliaklqana
Kikubaaqudgha
Makhleb
Nemelex Xobeh
Okawaru
Qazlal
Ru
Sif Muna
Trog
Uskayaw
Vehumet
Wu Jian
Xom
Yredelemnul
Zin
The Shining One

Shops:
D:7 ?   D:8 (

Annotations:
D:8 Harold


Innate Abilities, Weirdness & Mutations

You can breathe blasts of scalding, opaque steam.
Your pale cyan-grey scales are hard. (AC +8)
You cannot fit into any form of body armour.
You are cold-blooded and may be slowed by cold attacks.
You are immune to the effects of steam.


Message History

Aim: a death yak (almost dead, umbra, 86% to hit)
You shoot an arrow. The arrow barely misses the death yak.
Fire: a) +1 shortbow
Press: ? - help, Q - select action, (/) - cycle Shift-Dir - straight line, f/p - death yak
Aim: a death yak (almost dead, umbra, 86% to hit)
You shoot an arrow. The arrow hits the death yak.
You kill the death yak!
Dithmenos accepts your kill.
You start resting.
A death yak is nearby!
You shoot an arrow. The death yak bellows!
The arrow hits the death yak.
The death yak is lightly wounded.
You hear a bellow!
You shoot an arrow. The arrow barely misses the death yak.
The death yak bellows!
Your shadow shoots an arrow.
The arrow hits the death yak but does no damage.
You hear a bellow!
The death yak gores you! The death yak attacks as you move away!
The death yak gores you!
The death yak gores you but does no damage.
The death yak attacks as you move away! The death yak completely misses you.
The death yak closely misses you. The death yak attacks as you move away!
The death yak gores you. The death yak attacks as you move away!
The death yak gores you!
The death yak snorts and paws the ground.
The death yak attacks as you move away! The death yak gores you!
The death yak attacks as you move away! The death yak misses you.
The death yak attacks as you move away! The death yak gores you!
* * * LOW HITPOINT WARNING * * *
As you read the scroll of teleportation, it crumbles to dust.
You feel strangely unstable. The death yak attacks as you move away!
The death yak gores you!!
* * * LOW HITPOINT WARNING * * *
The death yak attacks as you move away! The death yak gores you.
* * * LOW HITPOINT WARNING * * *
The death yak attacks as you move away! The death yak gores you!
You die...

#.#...........P.#......#+#.###.#.
##...............................
#.........Y......................
##.............P.##..............
##.............######....###.....
#.............Y#### #.....#...###
.#..............#.###....#....#
..............#YY#.#..........# #
......(........Y@.............###
.................................
.......##......#.................
.##......##..(####.......#.......
.##.....##.....##.....####.......
###.....###...##.#....## #....PP#
#.....####...P##......####.....#
##....~~~....P###......# #.....#
#.....~~.....###....### #....##


You could see 5 death yaks.

Vanquished Creatures
  A stone giant (Volcano)
  5 hydras
  2 catoblepae
  3 two-headed ogres
  4 death yaks
  Urug (Lair:5)
  A skyshark (Lair:3)
  A lindwurm (Lair:3)
  4 elephants (Lair:5)
  2 black mambas (Lair:5)
  14 cane toads
  4 rime drakes
  An efreet (Volcano)
  8 komodo dragons
  A polar bear (Lair:5)
  A tyrant leech (Lair:2)
  18 blink frogs
  9 dream sheep
  The ghost of BigFatTexta the Cudgeller, an amateur GrFi (D:5)
  2 wraiths
  35 yaks
  3 wyverns
  9 fire bats (Volcano)
  4 basilisks
  A steam dragon (D:7)
  3 fire elementals (Volcano)
  A redback (Lair:2)
  A swamp worm (Lair:2)
  Duvessa (D:7)
  15 water moccasins
  6 ice beasts
  10 black bears
  9 orc warriors
  3 sky beasts (D:6)
  4 ogres
  22 wolves
  4 centaurs
  A kobold brigand (D:4)
  7 bullfrogs
  5 scorpions
  18 wights
  Dowan (D:7)
  10 killer bees
  5 howler monkeys
  3 jellies
  2 gnoll boudas (D:9)
  7 lava snakes (Volcano)
  4 hounds
  5 orc priests
  3 sleepcaps
  7 iguanas
  8 orc wizards
  11 gnolls
  6 adders
  A shadow imp (D:7)
  A white imp (D:6)
  5 ufetubi
  3 worms
  2 dart slugs (D:3)
  43 orcs
  6 ball pythons
  5 bats
  3 endoplasms
  3 giant cockroaches
  10 goblins
  5 hobgoblins
  4 jackals
  4 quokkas
  3 frilled lizards
  11 kobolds
  5 rats
431 creatures vanquished.

Vanquished Creatures (others)
  35 fungi
  37 plants
72 creatures vanquished.

Grand Total: 503 creatures vanquished

Notes
Turn   | Place    | Note
-------+----------+-------------------------------------------
     0 | D:1      | catcat the Draconian Hunter began the quest for the Orb.
     0 | D:1      | Reached XP level 1. HP: 17/17 MP: 1/1
   165 | D:1      | Reached skill level 4 in Ranged Weapons
   175 | D:1      | Reached XP level 2. HP: 23/24 MP: 2/2
  1000 | D:2      | Reached XP level 3. HP: 29/29 MP: 3/3
  1348 | D:2      | Reached skill level 5 in Ranged Weapons
  1816 | D:3      | Reached XP level 4. HP: 36/36 MP: 4/4
  1824 | D:3      | Reached skill level 1 in Stealth
  1922 | D:3      | Found a basalt altar of Yredelemnul.
  2352 | D:4      | Noticed a scorpion
  2358 | D:4      | Killed a scorpion
  2359 | D:4      | Reached XP level 5. HP: 40/44 MP: 5/5
  2412 | D:4      | Noticed an ogre
  2419 | D:4      | Killed an ogre
  2420 | D:4      | Reached skill level 6 in Ranged Weapons
  2420 | D:4      | Reached XP level 6. HP: 51/51 MP: 6/6
  2866 | D:4      | Found a sacrificial altar of Ru.
  3263 | D:5      | Entered Level 5 of the Dungeon
  3404 | D:5      | Reached skill level 7 in Ranged Weapons
  3404 | D:5      | Your scales start taking on a pale cyan-grey colour.
  3404 | D:5      | Reached XP level 7. HP: 47/59 MP: 7/7
  3404 | D:5      | Gained mutation: You are immune to the effects of steam.
                  | [Pale Draconian growth]
  4115 | D:5      | Found a runed translucent gate.
  4115 | D:5      | Found a runed translucent gate.
  4115 | D:5      | Found a runed translucent gate.
  4117 | D:5      | Noticed BigFatTexta's ghost (amateur GrFi)
  4240 | D:5      | Found a radiant altar of Vehumet.
  4325 | D:4      | Reached skill level 8 in Ranged Weapons
  4620 | D:6      | Reached XP level 8. HP: 60/66 MP: 8/8
  5004 | D:6      | Reached skill level 9 in Ranged Weapons
  5094 | D:6      | Found a staircase to the Ecumenical Temple.
  5408 | D:6      | Reached skill level 5 in Fighting
  5591 | D:6      | Reached XP level 9. HP: 49/74 MP: 9/9
  5728 | D:6      | Found a burning altar of Makhleb.
  5826 | D:6      | Reached skill level 10 in Ranged Weapons
  5832 | Temple   | Entered the Ecumenical Temple
  5989 | Temple   | Became a worshipper of Dithmenos the Shadowed
  6511 | D:7      | Noticed Dowan
  6512 | D:7      | Noticed Duvessa
  6693 | D:7      | Found a snail-covered altar of Cheibriados.
  6771 | D:7      | Found Meseav's Magic Scroll Shop.
  7055 | D:7      | Killed Duvessa
  7077 | D:7      | Killed Dowan
  7896 | D:8      | Reached skill level 11 in Ranged Weapons
  7975 | D:5      | Found an iron altar of Okawaru.
  7975 | D:5      | Found a white marble altar of Elyvilon.
  8216 | D:5      | Killed BigFatTexta's ghost
  8217 | D:5      | Reached skill level 5 in Dodging
  8357 | D:8      | Found Pyani's Weapon Shop.
  8360 | D:8      | Identified the +2 pair of boots "Kovuawel" {+Inv Will-
                  | Str+6 SInv}
  8395 | D:8      | Reached * piety under Dithmenos
  8556 | D:8      | Found a shimmering blue altar of Sif Muna.
  8568 | D:8      | Found a sparkling altar of Nemelex Xobeh.
  8576 | D:8      | Reached XP level 10. HP: 84/84 MP: 10/10
  8774 | D:9      | Noticed a two-headed ogre
  9010 | D:9      | Killed a two-headed ogre
  9329 | D:9      | Noticed Harold
 10051 | D:9      | Reached skill level 12 in Ranged Weapons
 10118 | D:9      | Noticed a two-headed ogre
 10128 | D:9      | Killed a two-headed ogre
 10128 | D:9      | Reached ** piety under Dithmenos
 10933 | D:10     | Entered Level 10 of the Dungeon
 11084 | D:10     | Noticed a two-headed ogre
 11234 | D:10     | Found a flagged portal.
 11254 | Bailey   | Entered a bailey
 11294 | Bailey   | Reached XP level 11. HP: 54/95 MP: 11/11
 11992 | D:10     | Killed a two-headed ogre
 12005 | D:10     | Reached *** piety under Dithmenos
 12006 | D:10     | Reached skill level 13 in Ranged Weapons
 12051 | D:10     | Found a staircase to the Lair.
 14025 | Lair:1   | Entered Level 1 of the Lair of Beasts
 14658 | Lair:1   | HP: 4/99 [poisoned by a cane toad]
 14897 | Lair:1   | Reached skill level 15 in Ranged Weapons
 14897 | Lair:1   | Reached XP level 12. HP: 106/106 MP: 12/12
 15451 | Lair:2   | Found a hole to the Spider Nest.
 15647 | Lair:2   | Reached skill level 10 in Fighting
 15820 | Lair:2   | Noticed a six-headed hydra
 15831 | Lair:2   | Killed a six-headed hydra
 15851 | Lair:2   | Reached **** piety under Dithmenos
 16195 | Lair:2   | Found a staircase to the Swamp.
 16195 | Lair:2   | Noticed a four-headed hydra
 16208 | Lair:2   | Killed a four-headed hydra
 16209 | Lair:2   | Reached XP level 13. HP: 56/113 MP: 13/13
 16557 | Lair:2   | Reached skill level 16 in Ranged Weapons
 17781 | Lair:3   | Found a dark tunnel.
 17807 | Volcano  | Entered a volcano
 18150 | Volcano  | Noticed a stone giant
 18183 | Volcano  | Killed a stone giant
 18188 | Volcano  | HP: 5/116 [efreet/fireball (7)]
 18516 | Volcano  | Found a bloodstained altar of Trog.
 19646 | Lair:3   | Reached skill level 5 in Stealth
 20712 | Lair:4   | Reached ***** piety under Dithmenos
 20906 | Lair:4   | Found a staircase to the Slime Pits.
 21122 | Lair:4   | Identified the +10 hand axe "Hympamin" {protect, rElec
                  | Int+2}
 21520 | Lair:5   | Entered Level 5 of the Lair of Beasts
 22212 | Lair:5   | Reached XP level 14. HP: 118/129 MP: 14/14
 22296 | Lair:5   | Reached skill level 10 in Dodging
 22419 | Lair:5   | Noticed Urug
 22445 | Lair:5   | Killed Urug
 25425 | Lair:5   | HP: 5/133 [death yak (21)]
 25426 | Lair:5   | Mangled by a death yak

Illustrated notes

Levels and vault maps discovered:
D:1:      eino_arrival_cavern_d, layout_loops_ring
D:2:      minmay_skewed_foursquare, layout_basic, nicolae_figureground_pulse
D:3:      minmay_spotlight, layout_basic,
          mainiacjoe_overflow_concentric_impassable,
          minmay_misc_feat_secret_circle, hangedman_decor_clover_reticule
D:4:      layout_loops_cross, lemuel_coloured_pillars_altar
D:5:      layout_loops_ring, nicolae_overflow_hidden_temple,
          gammafunk_ghost_nasty_kobolds, grunt_ministairs_10,
          grunt_decor_resistance, chequers_arboretum
D:6:      layout_basic, kennysheep_mini, minmay_temple_entry_glass,
          minmay_alternating_orb
D:7:      hellmonk_ruined_rings, layout_loops_cross, cheibrodos_worm_habitat,
          serial_shops, shop, minmay_misc_feat_iff, minmay_door_square,
          uniq_duvessa
D:8:      layout_gridville, mainiacjoe_overflow_large_starburst, serial_shops,
          nicolae_shop_advertising_works [nicolae_subvault_shop_adworks]
D:9:      layout_gridville, uniq_harold
D:10:     layout_roguey, hellmonk_lair_entry_icy, enter_bailey_7,
          due_unseen_surprise
Temple:   hellmonk_temple_forest_ring
Lair:1:   layout_loops_ring, portal_ice_cave_rime,
          chequers_serial_rivers_room_a, st_stairs_12
Lair:2:   layout_cave_shapes, palyth_hydra_swamp_entry,
          spider_nest_entry_rubble, beast_lair_carwin_3
Lair:3:   hellmonk_destroyed_diamonds, layout_loops_ring,
          nicolae_volcano_entry_vermiform, beast_lair_carwin_1,
          lemuel_fruit_fields
Lair:4:   layout_regular_city, slime_entry_1
Lair:5:   grunt_lair_end_beastmaster, layout_small_grid, minivault_25,
          infiniplex_staircase_pool_2, uniq_urug

Skill      XL: |  1  2  3  4  5  6  7  8  9 10 11 12 13 14 |
---------------+-------------------------------------------+-----
Ranged Weapons | 4 5 6 7 8 9 11 12 15 16 | 16.0
Stealth        | 1 2 3 6 7 |  7.1
Dodging        | 2 3 4 5 6 7 8 9 10 | 10.4
Fighting       | 3 4 5 6 8 9 10 13 14 | 14.3

Action                     |  1- 3 |  4- 6 |  7- 9 | 10-12 | 13-15 || total
---------------------------+-------+-------+-------+-------+-------++-------
   Fire: Shortbow          |   110 |   105 |   524 |   939 |  1363 ||  3041
Ability: Breathe Steam     |       |       |     8 |       |     2 ||    10
    Use: Scroll            |     1 |       |    14 |    10 |     8 ||    33
         Potion            |       |       |       |     2 |       ||     2
 Armour: Skin              |    10 |     6 |   123 |   165 |   188 ||   492
  Dodge: Dodged            |    34 |    27 |   254 |   661 |   503 ||  1479
  Block: Other             |       |       |       |       |   115 ||   115
